 Dungeon Crawl Stone Soup version 0.32-a0-43-g058985b245 (webtiles) character file.

Game seed: 1580495842588083963

39 Atraxa the Magician (level 3, 0/24 HPs)
             Began as a Mummy Earth Elementalist on Feb 4, 2024.
             Slain by a goblin
             ... wielding a +2 dagger of venom
             ... led by Robin
              (4 damage)
             ... on level 2 of the Dungeon.
             The game lasted 00:02:24 (1547 turns).

Atraxa the Magician (Mummy Earth Elementalist)      Turns: 1547, Time: 00:02:25

Health: 0/24       AC:  2    Str: 11    XL:     3   Next: 28%
Magic:  6/7        EV: 12    Int: 16    God:
Gold:   51         SH:  0    Dex: 12    Spells: 7/8 levels left

rFire   x . .        (no weapon)
rCold   + . .        (no shield)
rNeg    + + +        a - +0 robe
rPois   ∞            (no helmet)
rElec   .            (no cloak)
rCorr   .            (no gloves)
SInv    .            (no boots)
Will    .....        (no amulet)
Stlth   ++           (no ring)
HPRegen 0.24/turn    (no ring)
MPRegen 0.10/turn

%: faith
@: no status effects
A: cold resistance 1, negative energy resistance 3, torment resistance 2, heat
vulnerability 1, in touch with death 1, no potions, faith
a: no special abilities


You were on level 2 of the Dungeon.
You visited 1 branch of the dungeon, and saw 2 of its levels.

You collected 51 gold pieces.

Inventory:

Armour
 a - a +0 robe (worn)
Jewellery
 d - a ring of willpower
 I - a +6 ring of intelligence
Scrolls
 b - a scroll of poison {unknown}
 c - a scroll of identify {unknown}
 e - a scroll of fear {unknown}


   Skills:
 - Level 1.5 Dodging
 - Level 1.5 Stealth
 - Level 3.0 Spellcasting
 + Level 1.8 Conjurations
 + Level 3.0 Earth Magic


You had 7 spell levels left.
You knew the following spells:

 Your Spells              Type           Power      Damage    Failure   Level
s - Sandblast             Erth           24%        2d8       5%          1

Your spell library contained the following spells:

 Spells                   Type           Power      Damage    Failure   Level
 Passwall                 Erth           12%        N/A       16%         3
 Stone Arrow              Conj/Erth      20%        3d8       21%         3
 Brom's Barrelling Bould  Conj/Erth      10%        2d3       56%         4
 Petrify                  Alch/Erth      7%         N/A       69%         4


Dungeon Overview and Level Annotations

Branches:
Dungeon (2/15)

Altars:

Annotations:
D:1 IGNIS
D:2 Robin


Innate Abilities, Weirdness & Mutations

You are immune to poison.
Your flesh is cold resistant. (rC+)
You are immune to negative energy. (rN+++)
You are immune to unholy pain and torment.
You are vulnerable to heat. (rF-)
You are in touch with the powers of death.
You do not drink.
You have a special connection with the divine. (Faith)


Message History

a +0 sling; a +0 club; a goblin corpse The goblin attacks as it pursues you!
The goblin hits you with a +0 dagger.
You see here a +0 whip.
Items here: ))) ††.
The goblin attacks as it pursues you! The goblin barely misses you.
There is a stone staircase leading up here.
You climb upwards.
Level annotation: IGNIS
There is a stone staircase leading down here.
You start resting.
You climb downwards.
The goblin closely misses you. The goblin barely misses you.
There is a stone staircase leading up here.
Unknown command.
The blast of sand hits the goblin.
You kill the goblin!
The goblin closely misses you.
The blast of sand hits the goblin!
You kill the goblin!
The blast of sand hits the hobgoblin!
You kill the hobgoblin!
You can't see any susceptible monsters within range! (Use Z to cast anyway.) Key pressed, stopping explore.
Robin and a goblin come into view.
Robin is wielding a +2 dagger of freezing.
The goblin shouts!
Robin shouts!
The goblin shouts!
Robin roars a battlecry!
The goblins go into a battle-frenzy!
You hear a shout!
The blast of sand hits the goblin!
You kill the goblin!
Robin throws the goblin at you!
An endoplasm comes into view.
The goblin hits you with a +2 dagger of venom.
The blast of sand misses the goblin.
The goblin hits you with a +2 dagger of venom.
The goblin attacks as it pursues you!
The goblin hits you with a +2 dagger of venom.
* * * LOW HITPOINT WARNING * * *
The goblin attacks as it pursues you!
The goblin hits you with a +2 dagger of venom.
* * * LOW HITPOINT WARNING * * *
The goblin attacks as it pursues you!
The goblin hits you with a +2 dagger of venom!
* * * LOW HITPOINT WARNING * * *
There is a stone staircase leading up here.
The goblin no longer looks unusually strong.
Robin says, "My army is invincible!"
The goblin hits you with a +2 dagger of venom.
You die...

##.## ## #.# #. #.# ..#
#. #J# ..# #. #.#
####..### ## #.#
#.......# #
#g####..(....# #
#.g..#.).....# #
♣.#########@#.#.......#
#
♣.........)#)!#.......♣
♣
♣#..#######...#......♣♣
♣ #............♣
##..##..###P..
#..##..## ♣. ♣
#.......# ♣ #.###g..# #
###.###...# #


You could see Robin, an endoplasm and a goblin.

Vanquished Creatures
  A ribbon worm (D:2)
  5 endoplasms
  8 goblins (D:2)
  2 hobgoblins
  6 jackals
  2 kobolds
  A quokka (D:1)
  2 ball pythons (D:2)
  A bat (D:1)
  2 rats (D:1)
30 creatures vanquished.

Notes
Turn   | Place    | Note
-------+----------+-------------------------------------------
     0 | D:1      | Atraxa the Mummy Earth Elementalist began the quest for the
                  | Orb.
     0 | D:1      | Reached XP level 1. HP: 13/13 MP: 4/4
   188 | D:1      | Reached skill level 1 in Conjurations
   216 | D:1      | Reached skill level 3 in Spellcasting
   327 | D:1      | Reached XP level 2. HP: 19/19 MP: 4/6
   748 | D:1      | Found a faded altar of an unknown god.
  1373 | D:2      | Reached XP level 3. HP: 24/24 MP: 5/7
  1430 | D:2      | Reached skill level 3 in Earth Magic
  1534 | D:2      | Noticed Robin
  1547 | D:2      | Slain by a goblin

Illustrated notes

Levels and vault maps discovered:
D:1:      nicolae_arrival_washed_ashore, layout_loops_ring,
          hellmonk_ecumenical_altar_inner_sanctum, hex_medium
D:2:      layout_loops_ring, serial_forest, infiniplex_forest_end_2,
          infiniplex_forest_straight_1, infiniplex_forest_clump_long,
          infiniplex_forest_zigzag_1, infiniplex_forest_split, uniq_robin,
          uniq_terence

Skill      XL: |  1  2  3 |
---------------+----------+-----
Conjurations   | 1 |  1.8
Spellcasting   | 3 |  3.0
Earth Magic    | 3 |  3.0
Dodging        | |  1.5
Stealth        | |  1.5

Action                     || total
---------------------------++-------
  Melee: Unarmed           ||    22
   Cast: Sandblast         ||    47
 Armour: Robe              ||    32
  Dodge: Dodged            ||    40

Table legend: (Time is in decaauts)
 A = Elapsed time spent in this place.
 B = Non-inter-level travel time spent in this place.
 C = Inter-level travel time spent in this place.
 D = Time resting spent in this place.
 E = Time spent auto-exploring this place.
 F = Levels seen in this place.
 G = Mean time per level.
                   A        B        C        D        E       F      G
               +--------+--------+--------+--------+--------+-----+--------+
         Total |   1572 |   1388 |    184 |    108 |   1026 |   2 |  786.0 |
       Dungeon |   1572 |   1388 |    184 |    108 |   1026 |   2 |  786.0 |
               +--------+--------+--------+--------+--------+-----+--------+

Top non-repeatable levels by time:
     D:1: 1203 daAuts
     D:2: 369 daAuts
